 Dungeon Crawl Stone Soup version 0.19-a0-1886-gd64a0f0 (webtiles) character file.

26212 poirepourri the Eclecticist (level 13, 0/63 HPs)
             Began as a Gargoyle Earth Elementalist on Oct 16, 2016.
             Was an Elder of Vehumet.
             Slain by a swamp worm (12 damage)
             ... on level 4 of the Lair of Beasts.
             The game lasted 00:32:13 (22627 turns).

poirepourri the Eclecticist (GrEE)                 Turns: 22627, Time: 00:32:13

Health: 0/63       AC: 16    Str: 12    XL:     13   Next: 24%
Magic:  29/32      EV: 13    Int: 24    God:    Vehumet [****..]
Gold:   763        SH:  0    Dex: 14    Spells: 7 memorised, 23 levels left

rFire  . . .     SeeInvis .     b - staff of earth
rCold  . . .     Gourm    .     w - +1 leather armour of the Inquisitive Lies {MR+ Int+3 Dex+4}
rNeg   + . .     Faith    .     (no shield)
rPois  ∞         Spirit   .     m - +0 helmet
rElec  +         Dismiss  .     v - +1 cloak
rCorr  .         Reflect  .     (no gloves)
MR     ++...     Harm     .     (no boots)
Stlth  ++........               (no amulet)
                                i - ring of protection from magic
                                d - ring of stealth

@: very slightly contaminated, hasted, very quick
A: negative energy resistance 1, electricity resistance, unbreathing,
petrification resistance, rot immunity, AC +9
a: Renounce Religion


You were on level 4 of the Lair of Beasts.
You worshipped Vehumet.
Vehumet was greatly pleased with you.
You were not hungry.

You visited 3 branches of the dungeon, and saw 15 of its levels.

You collected 893 gold pieces.
You spent 130 gold pieces at shops.

Inventory:

Hand Weapons
 c - a +2 mace of protection
Missiles
 a - 277 stones (quivered)
 s - 5 javelins
Armour
 m - a +0 helmet (worn)
 v - a +1 cloak (worn)
 w - the +1 leather armour of the Inquisitive Lies (worn) {MR+ Int+3 Dex+4}
   (You found it on level 6 of the Dungeon)

   It affects your intelligence (+3).
   It affects your dexterity (+4).
   It affects your resistance to hostile enchantments.
 O - a +0 troll leather armour
Magical Staves
 b - an uncursed staff of earth (weapon)
Jewellery
 d - a ring of stealth (left hand)
 i - a ring of protection from magic (right hand)
 n - an uncursed ring of ice
 V - an uncursed amulet of regeneration {unknown}
Wands
 g - a wand of confusion (27/48)
 h - a wand of lightning (9/15)
 o - a wand of acid (9/15)
 t - a wand of confusion (34/48)
 y - a wand of slowing (19/48)
 z - a wand of random effects (25/48)
 C - a wand of random effects (21/48)
 D - a wand of polymorph (9/24)
 I - a wand of flame (5/48)
 K - a wand of paralysis (9/24)
 L - a wand of random effects (18/48)
 M - a wand of lightning (5/15)
 N - a wand of lightning (12/15)
 Q - a wand of confusion (13/48)
 S - a wand of random effects (40/48)
 Y - a wand of lightning (9/15)
Scrolls
 u - 4 scrolls of magic mapping
 J - a scroll of identify
 P - 5 scrolls of recharging
Potions
 f - a potion of agility
 j - 3 potions of curing
 k - a potion of resistance
 l - 3 potions of might
 r - 4 potions of heal wounds {unknown}
 x - 3 potions of degeneration {unknown}
 A - 2 potions of berserk rage {unknown}
 B - a potion of mutation {unknown}
 R - 3 potions of cancellation {unknown}
 T - a potion of lignification {unknown}
 U - a potion of cure mutation {unknown}
 W - a potion of brilliance {unknown}
Books
 e - a book of Geomancy

   Spells                             Type                      Level
   a - Sandblast                      Earth                        1
   b - Passwall                       Transmutation/Earth          2
   c - Stone Arrow                    Conjuration/Earth            3
   d - Petrify                        Transmutation/Earth          4
   e - Lee's Rapid Deconstruction     Earth                        5
 G - a book of Conjurations

   Spells                             Type                      Level
   a - Magic Dart                     Conjuration                  1
   b - Searing Ray                    Conjuration                  2
   c - Dazzling Spray                 Conjuration/Hexes            3
   d - Fulminant Prism                Conjuration/Hexes            4
   e - Iskenderun's Mystic Blast      Conjuration                  4
   f - Iskenderun's Battlesphere      Conjuration/Charms           5
Comestibles
 q - 4 meat rations
 E - a slice of pizza
 F - 3 fruits
 H - a bread ration
 X - 2 beef jerkies


   Skills:
 - Level 1.4 Armour
 + Level 3.0 Dodging
 - Level 2.1 Stealth
 + Level 15.0 Spellcasting
 + Level 6.3 Conjurations
 + Level 0.7 Transmutations
 + Level 13.8 Earth Magic
 * Level 3.8 Evocations


You had 23 spell levels left.
You knew the following spells:

 Your Spells              Type           Power        Failure   Level  Hunger
a - Sandblast             Erth           ######       0%          1    None
b - Passwall              Tmut/Erth      ######....   1%          2    None
c - Stone Arrow           Conj/Erth      ######       1%          3    None
d - Petrify               Tmut/Erth      ######..     1%          4    None
e - Lee's Rapid Deconstr  Erth           #######...   1%          5    ##.....
f - Magic Dart            Conj           ####         1%          1    None
g - Mephitic Cloud        Conj/Pois/Air  ####....     2%          3    None


Dungeon Overview and Level Annotations

Branches:
Dungeon (10/15)            Temple (1/1) D:5            Lair (4/6) D:9
 Shoals (0/4) Lair:4       Spider (0/4) Lair:3
    Orc: D:9-12

Altars:
Ashenzari
Cheibriados
Dithmenos
Elyvilon
Fedhas
Gozag
Hepliaklqana
Kikubaaqudgha
Makhleb
Nemelex Xobeh
Okawaru
Qazlal
Ru
Sif Muna
Trog
Uskayaw
Vehumet
Xom
Yredelemnul
Zin
The Shining One

Shops:
D:5 !   D:7 ((

Annotations:
D:10 Josephine, Nergalle


Innate Abilities, Weirdness & Mutations

You are resistant to torment.
Your stone body is resilient. (AC +9)
You are immune to poison.
You resist negative energy. (rN+)
You are resistant to electric shocks. (rElec)
You can survive without breathing.
You are immune to petrification.
You are immune to rotting.


Message History

A swamp worm bursts forth from the water.
The swamp worm bites you!
A swamp worm bursts forth from the water.
The swamp worm bites you but does no damage.
The swamp worm bites you.
Okay, then.
The swamp worm bites you but does no damage.
The swamp worm bites you. The swamp worm bites you!
The swamp worm closely misses you. The swamp worm bites you.
You feel better.
The swamp worm bites you but does no damage.
The swamp worm completely misses you. The swamp worm misses you.
You feel yourself speed up. The swamp worm closely misses you.
The swamp worm bites you but does no damage.
The swamp worm bites you!
* * * LOW HITPOINT WARNING * * *
You are very lightly contaminated with residual magic.
The swamp worm bites you!
You die...

#..###### ##.P#...###
##).......###
##############P≈≈≈≈≈≈≈...##
##.#.##.##.##≈≈≈≈≈≈≈≈≈≈≈..#######
..##........≈≈≈#######≈≈≈.......#
..'.+.......≈≈≈.†≈≈≈≈##≈≈........
..##....>...≈≈PP†w≈≈≈$#≈≈........
..#.#.......≈≈≈.@ww≈≈##≈≈........
...#........≈≈≈#######≈≈≈.......#
..##.###...#≈≈≈≈≈≈≈≈≈≈≈≈.........
..### ##...###≈≈≈≈≈≈≈≈'##.#.#.##
### #....# ##.......###.#### #
###..# ##..##P..# ## ## #P..####
### ##.## .# #####.#.#.##
##..####### ## #........#.##
##P..##.#..##


You could see 3 swamp worms.

Vanquished Creatures
  Snorg (Lair:3)
  3 hydras (Lair:3)
  The ghost of George the Carver, a novice MiFi of the Shining One (D:8)
  Urug (D:10)
  A necromancer (D:9)
  4 spiny frogs
  Psyche (D:8)
  3 rime drakes
  2 komodo dragons
  A centaur skeleton (D:10)
  2 trolls
  3 polar bears
  8 blink frogs
  9 hippogriffs
  31 yaks
  A wraith (D:10)
  A wyvern (Lair:2)
  A tarantella (Lair:3)
  A vampire (D:10)
  2 basilisks
  Grum (Lair:1)
  2 hungry ghosts
  A steam dragon (Lair:3)
  5 swamp worms (Lair:4)
  3 water moccasins
  7 porcupines
  An ice beast (D:5)
  4 orc warriors
  3 sky beasts
  3 black bears
  2 phantoms
  16 wolves
  8 ogres
  3 centaurs
  A necrophage (D:7)
  6 crocodiles
  5 big kobolds
  11 bullfrogs
  A gnoll sergeant (D:6)
  3 scorpions
  2 killer bees
  An electric eel (Lair:2)
  2 jellies
  3 howler monkeys
  3 crimson imps
  3 bullfrog zombies
  A centaur zombie (D:10)
  2 hounds
  6 orc wizards
  Crazy Yiuf (D:7)
  4 bullfrog skeletons
  A gnoll shaman (D:7)
  3 orc priests
  5 iguanas
  7 worker ants
  2 yak simulacra (D:9)
  A polar bear simulacrum (D:9)
  4 wolf simulacra (D:9)
  A killer bee zombie (D:7)
  2 hound skeletons
  2 worker ant zombies (D:10)
  14 gnolls
  13 adders
  3 shadow imps
  3 oozes
  An adder zombie (D:5)
  2 adder skeletons
  16 worms
  4 dart slugs
  3 leopard geckos (D:3)
  34 orcs
  3 giant cockroaches
  9 hobgoblins
  14 jackals
  5 quokkas
  2 ball pythons (D:3)
  9 bats
  8 frilled lizards
  11 goblins
  60 kobolds
  A leopard gecko skeleton (D:7)
  4 rats
  4 river rat simulacra (D:9)
  2 fungi
  3 plants
447 creatures vanquished.

Vanquished Creatures (others)
  6 fungi
  2 plants
8 creatures vanquished.

Grand Total: 455 creatures vanquished

Notes
Turn   | Place    | Note
-------+----------+-------------------------------------------
     0 | D:1      | poirepourri the Gargoyle Earth Elementalist began the quest for the Orb.
     0 | D:1      | Reached XP level 1. HP: 10/10 MP: 3/3
   260 | D:1      | Reached XP level 2. HP: 11/15 MP: 1/5
   430 | D:1      | Learned a level 2 spell: Passwall
  1174 | D:2      | Reached XP level 3. HP: 19/19 MP: 2/7
  1341 | D:2      | Reached skill level 3 in Spellcasting
  1620 | D:2      | Found a shimmering altar of Xom.
  1911 | D:2      | Reached XP level 4. HP: 21/24 MP: 2/9
  2286 | D:2      | You fall through a shaft for 2 floors!
  2322 | D:4      | Found a shattered altar of Ashenzari.
  2329 | D:4      | Reached skill level 4 in Spellcasting
  2329 | D:4      | Reached XP level 5. HP: 19/28 MP: 2/11
  2598 | D:4      | Learned a level 3 spell: Stone Arrow
  3039 | D:3      | Reached skill level 5 in Earth Magic
  4838 | D:3      | Reached XP level 6. HP: 32/32 MP: 0/13
  5217 | D:4      | Reached skill level 5 in Spellcasting
  5862 | D:4      | Reached XP level 7. HP: 34/36 MP: 4/15
  5869 | D:4      | Reached skill level 6 in Spellcasting
  5869 | D:4      | Reached skill level 1 in Conjurations
  6503 | D:4      | Reached XP level 8. HP: 41/41 MP: 12/18
  6681 | D:4      | Reached skill level 7 in Spellcasting
  7122 | D:5      | Entered Level 5 of the Dungeon
  7187 | D:5      | Found a snail-covered altar of Cheibriados.
  7208 | D:5      | Found a staircase to the Ecumenical Temple.
  7284 | Temple   | Entered the Ecumenical Temple
  7652 | D:5      | Found Decw's Distillery.
  7655 | D:5      | Bought a potion of resistance for 130 gold pieces
  8429 | D:6      | Found a bloodstained altar of Trog.
  8465 | D:6      | Reached skill level 8 in Spellcasting
  8477 | D:6      | Reached skill level 1 in Armour
  8640 | D:6      | Reached XP level 9. HP: 41/45 MP: 8/21
  8812 | D:5      | Learned a level 4 spell: Petrify
  8818 | D:5      | Learned a level 5 spell: Lee's Rapid Deconstruction
  9704 | D:6      | Reached skill level 9 in Spellcasting
  9930 | D:6      | Got a dazzling leather armour
  9941 | D:6      | Identified the +1 leather armour of the Inquisitive Lies {MR+ Int+3 Dex+4} (You found it on level 6 of the Dungeon)
 10478 | D:7      | Found a runed door.
 10934 | D:7      | Found Biaged's Weapon Shoppe.
 10996 | D:7      | Found Vouggeat's Antique Weapon Boutique.
 11186 | D:7      | Noticed Crazy Yiuf
 11187 | D:7      | Killed Crazy Yiuf
 11301 | D:8      | Reached skill level 10 in Spellcasting
 11499 | D:8      | Noticed Psyche
 11506 | D:8      | Noticed George's ghost (novice MiFi)
 11506 | D:8      | Reached XP level 10. HP: 50/50 MP: 12/24
 11513 | D:8      | Killed Psyche
 11576 | D:8      | Killed George's ghost
 11752 | D:8      | Reached skill level 11 in Spellcasting
 11865 | D:8      | Found a snail-covered altar of Cheibriados.
 11866 | D:8      | Found a radiant altar of Vehumet.
 11888 | D:8      | Became a worshipper of Vehumet
 12842 | D:9      | Reached skill level 10 in Earth Magic
 13196 | D:9      | Found a staircase to the Lair.
 13290 | D:9      | Noticed a spiny frog
 13300 | D:9      | HP: 2/50 [spiny frog (10)]
 13584 | D:9      | Killed a spiny frog
 13612 | D:9      | Reached * piety under Vehumet
 13612 | D:9      | Offered knowledge of Freeze by Vehumet.
 13795 | D:9      | Learned a level 1 spell: Magic Dart
 13880 | D:9      | Noticed a necromancer
 13887 | D:9      | Killed a necromancer
 13995 | D:9      | Reached skill level 12 in Spellcasting
 13995 | D:9      | Reached XP level 11. HP: 39/54 MP: 12/27
 14291 | D:10     | Entered Level 10 of the Dungeon
 14320 | D:10     | Noticed Urug
 14493 | D:10     | Killed Urug
 14999 | D:10     | Noticed Nergalle
 15228 | D:10     | Reached ** piety under Vehumet
 15228 | D:10     | Offered knowledge of Throw Flame by Vehumet.
 15230 | D:10     | Noticed Josephine
 15332 | Lair:1   | Entered Level 1 of the Lair of Beasts
 15349 | D:9      | Reached skill level 13 in Spellcasting
 15961 | Lair:1   | Reached skill level 5 in Conjurations
 16840 | Lair:1   | Reached XP level 12. HP: 59/59 MP: 21/29
 17137 | Lair:1   | Noticed Grum
 17145 | Lair:1   | Offered knowledge of Conjure Flame by Vehumet.
 17146 | Lair:1   | Killed Grum
 17516 | Lair:1   | Reached skill level 14 in Spellcasting
 18109 | Lair:1   | Reached *** piety under Vehumet
 18361 | Lair:2   | Reached skill level 1 in Evocations
 19163 | Lair:2   | Offered knowledge of Olgreb's Toxic Radiance by Vehumet.
 19663 | Lair:3   | Noticed a seven-headed hydra
 19669 | Lair:3   | Killed a seven-headed hydra
 19964 | Lair:3   | Noticed a seven-headed hydra
 19965 | Lair:3   | Killed a seven-headed hydra
 19976 | Lair:3   | Noticed a six-headed hydra
 19977 | Lair:3   | Killed a six-headed hydra
 20464 | Lair:3   | Reached **** piety under Vehumet
 20605 | Lair:3   | Noticed Snorg
 20620 | Lair:3   | Killed Snorg
 20620 | Lair:3   | Reached XP level 13. HP: 41/63 MP: 3/31
 20876 | Lair:3   | Found a hole to the Spider Nest.
 20902 | Lair:3   | Offered knowledge of Mephitic Cloud by Vehumet.
 20907 | Lair:3   | Learned a level 3 spell: Mephitic Cloud
 22324 | Lair:4   | Reached skill level 15 in Spellcasting
 22411 | Lair:4   | Found a staircase to the Shoals.
 22627 | Lair:4   | Slain by a swamp worm

Vault maps used:
D:1:      dpeg_arrival_tiny_g
D:2:      minmay_door_path, lemuel_crystal_altar
D:3:      gup_sewer_entry_spiral
D:4:      minmay_goblin_kobold_castle, first_bread, ashenzari_altar_1
D:5:      serial_shops, kennysheep_mini_moat, minmay_misc_feat_pillars,
          hangedman_decor_riveting, kennysheep_slug_shrine
D:6:      trog_three_pillars_becter
D:7:      lemuel_upstairs_altar, serial_shops, shop, shop_statue,
          uniq_crazy_yiuf_cottage
D:8:      chequers_temple_overflow_statue_of_worship, grunt_ogre_cave,
          uniq_psyche
D:9:      dpeg_lair_monsters, eino_house_with_fridge
D:10:     kennysheep_potato, uniq_josephine, uniq_harold, uniq_nergalle,
          uniq_erolcha, uniq_urug
Temple:   hc_temple_tempest_star
Lair:1:   cheibrodos_lair_lostbears, serial_bayou_shore_b, uniq_grum
Lair:2:   serial_bayou_shore_a
Lair:3:   spider_nest_entry_rubble, beast_lair_carwin_10, uniq_snorg
Lair:4:   minmay_shoals_entry_centaurs, worms_lemuel

Skill      XL: |  1  2  3  4  5  6  7  8  9 10 11 12 13 |
---------------+----------------------------------------+-----
Earth Magic    | 4 5 6 7 9 10 11 13 | 13.8
Spellcasting   | 3 4 5 6 8 10 12 13 14 15 | 15.0
Conjurations   | 1 2 3 4 5 6 |  6.3
Armour         | 1 |  1.4
Dodging        | 2 3 |  3.0
Evocations     | 3 |  3.8
Stealth        | |  2.1
Transmutations | |  0.7

Action                   |  1- 3 |  4- 6 |  7- 9 | 10-12 | 13-15 || total
-------------------------+-------+-------+-------+-------+-------++-------
Melee: Unarmed           |       |    32 |       |       |       ||    32
       Staff             |       |       |       |     1 |       ||     1
 Cast: Sandblast         |    51 |    63 |   184 |   150 |    20 ||   468
       Stone Arrow       |       |    51 |    60 |   153 |    35 ||   299
       Lee's Rapid Decon |       |       |     4 |    66 |    14 ||    84
       Magic Dart        |       |       |       |    13 |     4 ||    17
       Petrify           |       |       |       |     1 |       ||     1
       Mephitic Cloud    |       |       |       |       |     1 ||     1
  Use: Scroll            |     1 |     8 |     7 |    10 |       ||    26
       Potion            |       |     1 |     1 |     3 |     7 ||    12
  Eat: Bread ration      |     1 |     2 |     1 |     4 |     2 ||    10
       Fruit             |       |     3 |       |     2 |       ||     5
       Beef jerky        |       |     1 |     1 |     6 |       ||     8
       Chunk             |       |     3 |    11 |     3 |       ||    17
       Meat ration       |       |       |     1 |       |       ||     1
Armor: Robe              |     4 |    27 |    11 |       |       ||    42
       Scale mail        |       |       |    31 |       |       ||    31
       Leather armour    |       |       |     7 |   105 |    19 ||   131
Dodge: Dodged            |     9 |    44 |    78 |   145 |    21 ||   297
